 Dungeon Crawl Stone Soup version 0.22.1-1-ga44c0e5 (webtiles) character file.

475 JeffiDaFish the Grave Robber (level 6, -2/32 HPs)
             Began as a Deep Elf Necromancer on Oct 5, 2018.
             Was a Follower of Sif Muna.
             Slain by Menkaure (19 damage)
             ... on level 4 of the Dungeon.
             The game lasted 00:09:20 (3762 turns).

JeffiDaFish the Grave Robber (Deep Elf Necromancer) Turns: 3762, Time: 00:09:20

Health: -2/32      AC: 11    Str:  5    XL:     6   Next: 84%
Magic:  17/17      EV: 19    Int: 22    God:    Sif Muna [*.....]
Gold:   190        SH:  0    Dex: 15    Spells: 10/18 levels left

rFire    . . .     SeeInvis .   f - +2 short sword (protect)
rCold    . . .     Gourm    .   (no shield)
rNeg     . . .     Faith    .   a - +0 robe
rPois    .         Spirit   .   k - +0 helmet
rElec    .         Reflect  .   (no cloak)
rCorr    .         Harm     .   (no gloves)
MR       .....                  l - +0 pair of boots
Stlth    ++........             e - amulet of the acrobat
HPRegen  0.10/turn              h - +5 ring of evasion
MPRegen  0.15/turn              (no ring)

@: protection aura
A: no striking features
a: Divine Energy, Renounce Religion


You were on level 4 of the Dungeon.
You worshipped Sif Muna.
Sif Muna was aware of your devotion.
You were not hungry.

You visited 1 branch of the dungeon, and saw 4 of its levels.

You collected 190 gold pieces.

Inventory:

Hand Weapons
 f - a +2 short sword of protection (weapon)
Armour
 a - a +0 robe (worn)
 k - a +0 helmet (worn)
 l - a +0 pair of boots (worn)
Jewellery
 e - an amulet of the acrobat (around neck)
 h - a +5 ring of evasion (left hand)
Scrolls
 g - 4 scrolls of teleportation
 i - 2 scrolls of identify
Potions
 j - a potion of flight
Comestibles
 c - 6 rations


   Skills:
 + Level 4.5 Dodging
 - Level 2.4 Stealth
 * Level 6.6 Spellcasting
 * Level 7.3 Necromancy


You had 10 spell levels left.
You knew the following spells:

 Your Spells              Type           Power        Failure   Level  Hunger
a - Pain                  Necr           ####         1%          1    None
b - Vampiric Draining     Necr           #####.....   1%          3    #......
c - Animate Dead          Necr           N/A          4%          4    ###....

Your spell library contained the following spells:

 Spells                   Type           Power        Failure   Level  Hunger
 Animate Skeleton         Necr           N/A          1%          1    None
 Regeneration             Chrm/Necr      ###.......   6%          3    #......


Dungeon Overview and Level Annotations

Branches:
Dungeon (4/15)
 Temple: D:4-7

Altars:
Hepliaklqana
Ru
Sif Muna

Annotations:
D:4 Menkaure


Message History

* * * LOW HITPOINT WARNING * * *
You are too injured to fight recklessly!
You are too injured to fight recklessly!
You feel much better. Menkaure barely misses you.
You hit Menkaure.
Menkaure is heavily damaged.
Menkaure misses you.
Menkaure calls on the powers of darkness!
Your body is wracked with pain!
You hit Menkaure.
Menkaure is heavily damaged.
Menkaure misses you.
You hit Menkaure.
Menkaure is heavily damaged.
Menkaure misses you.
You barely miss Menkaure.
Menkaure is heavily damaged.
Menkaure hits you!!
Ouch! That really hurt!
You die...

#.. #.. ##. #. #.
######### #.
#.......######## ###.
#.#......######...
####@#.###...........
#....M.......##.##.#. #
#.##.#.###...##.##.#.
#.##.##.#.###.........#.
#.......#......###.##>..
####.########......##.#.
#.# ######......
#.################.##
##...##.......# #.....


You could see Menkaure.

Vanquished Creatures
  An ogre (D:4)
  A centaur (D:4)
  A howler monkey (D:4)
  A hound (D:4)
  4 worker ants (D:4)
  Robin (D:4)
  A howler monkey skeleton (D:4)
  2 adders
  3 oozes
  4 worms
  3 dart slugs
  2 leopard geckos
  4 orcs (D:3)
  3 giant cockroaches
  6 hobgoblins
  3 jackals (D:4)
  10 kobolds
  5 bats
  7 frilled lizards
  12 goblins
  A leopard gecko skeleton (D:4)
  3 rats
78 creatures vanquished.

Notes
Turn   | Place    | Note
-------+----------+-------------------------------------------
     0 | D:1      | JeffiDaFish the Deep Elf Necromancer began the quest for
                  | the Orb.
     0 | D:1      | Reached XP level 1. HP: 10/10 MP: 6/6
   158 | D:1      | Reached skill level 5 in Necromancy
   390 | D:1      | Reached XP level 2. HP: 14/15 MP: 5/8
   882 | D:2      | Reached XP level 3. HP: 16/19 MP: 10/10
   906 | D:2      | Learned a level 3 spell: Vampiric Draining
  1379 | D:2      | Found a sacrificial altar of Ru.
  1531 | D:2      | Found a hazy altar of Hepliaklqana.
  2081 | D:3      | Reached XP level 4. HP: 22/24 MP: 10/12
  2457 | D:3      | Found a sacrificial altar of Ru.
  2457 | D:3      | Found a deep blue altar of Sif Muna.
  2461 | D:3      | Became a worshipper of Sif Muna the Loreminder
  2561 | D:4      | Reached skill level 5 in Spellcasting
  2561 | D:4      | Reached skill level 6 in Necromancy
  2561 | D:4      | Reached XP level 5. HP: 27/28 MP: 1/14
  2572 | D:4      | Learned a level 4 spell: Animate Dead
  2596 | D:4      | Noticed a centaur
  2668 | D:4      | Killed a centaur
  2823 | D:4      | Noticed Robin
  2831 | D:4      | Killed Robin
  2974 | D:4      | Noticed an ogre
  2986 | D:4      | Killed an ogre
  2986 | D:4      | Reached XP level 6. HP: 30/32 MP: 0/17
  3010 | D:4      | Reached skill level 7 in Necromancy
  3065 | D:4      | Reached * piety under Sif Muna
  3594 | D:4      | Noticed Menkaure
  3762 | D:4      | Slain by Menkaure

Skill      XL: |  1  2  3  4  5  6 |
---------------+-------------------+-----
Necromancy     | 5 6 7 |  7.3
Spellcasting   | 4 5 6 |  6.6
Dodging        | 3 4 |  4.5
Stealth        | |  2.4

Action                   |  1- 3 |  4- 6 || total
-------------------------+-------+-------++-------
Melee: Short sword       |   110 |    84 ||   194
       Unarmed           |     2 |       ||     2
 Cast: Pain              |    19 |    42 ||    61
       Vampiric Draining |     1 |    26 ||    27
  Use: Scroll            |     6 |       ||     6
       Potion            |     4 |     2 ||     6
 Stab: Sleeping          |     4 |     3 ||     7
  Eat: Chunk             |     4 |     6 ||    10
Armor: Robe              |    22 |    19 ||    41
Dodge: Dodged            |    90 |   128 ||   218
